 Dungeon Crawl Stone Soup version 0.30.0-5-g1a98f26d00 (webtiles) character file.

Game seed: 12378409975106369491

67 Woods the Grave Robber (level 4, 0/30 HPs)
             Began as a Mummy Necromancer on May 9, 2023.
             Slain by an orc wizard
             ... wielding a +0 dagger
              (2 damage)
             ... on level 3 of the Dungeon.
             The game lasted 00:06:49 (2040 turns).

Woods the Grave Robber (Mummy Necromancer)          Turns: 2040, Time: 00:06:50

Health: 0/30       AC:  4    Str: 11    XL:     4   Next: 0%
Magic:  1/9        EV: 17    Int: 16    God:
Gold:   178        SH:  0    Dex: 12    Spells: 6/10 levels left

rFire   x . .        (no weapon)
rCold   + . .        (no shield)
rNeg    + + +        a - +0 robe
rPois   ∞            j - +0 helmet
rElec   .            (no cloak)
rCorr   .            g - +0 pair of gloves
SInv    .            (no boots)
Will    .....        (no amulet)
Stlth   +            d - +5 ring of evasion
HPRegen 0.25/turn    (no ring)
MPRegen 0.11/turn

%: faith
@: confused, weak-willed
A: cold resistance 1, negative energy resistance 3, torment resistance 2, heat
vulnerability 1, in touch with death 1, no potions, faith
a: no special abilities


You were on level 3 of the Dungeon.
You visited 1 branch of the dungeon, and saw 3 of its levels.

You collected 178 gold pieces.

Inventory:

Armour
 a - a +0 robe (worn)
 g - a +0 pair of gloves (worn)
 j - a +0 helmet (worn)
Jewellery
 d - a +5 ring of evasion (left hand)
Scrolls
 f - a scroll of noise
 i - a scroll of blinking {unknown}


   Skills:
 + Level 2.0 Dodging
 + Level 2.0 Stealth
 * Level 3.6 Spellcasting
 * Level 4.7 Necromancy


You had 6 spell levels left.
You knew the following spells:

 Your Spells              Type           Power      Damage    Failure   Level
a - Necrotise             Necr           100%       1d9       2%          1
b - Vampiric Draining     Necr           26%        2d7       8%          3

Your spell library contained the following spells:

 Spells                   Type           Power      Damage    Failure   Level
 Slow                     Hex            8%         N/A       19%         1
 Animate Dead             Necr           26%        N/A       26%         4
 Confusing Touch          Hex            2%         N/A       47%         3
 Agony                    Necr           26%        N/A       56%         5


Dungeon Overview and Level Annotations

Branches:
Dungeon (3/15)

Altars:


Innate Abilities, Weirdness & Mutations

You are immune to poison.
Your flesh is cold resistant. (rC+)
You are immune to negative energy. (rN+++)
You are immune to unholy pain and torment.
You are vulnerable to heat. (rF-)
You are in touch with the powers of death.
You do not drink.
You have a special connection with the divine. (Faith)


Message History

t - Shout!
Orders for allies: a - Attack new target. r - Retreat! s - Stop attacking. g - Guard the area. f - Follow me.
Anything else - Cancel.
Gang up on whom?
Press: ? - help, Dir - move target
Aim: Disturbance (purple smoke) There's nothing there!
You miss something. Something hits you but does no damage.
Your orc skeleton hits something.
You miss something.
You hear some strange, mumbled words.
You are confused.
Your orc skeleton hits something.
You completely miss something. Your punch misses something. Something hits you.
* * * LOW HITPOINT WARNING * * *
Your orc skeleton barely misses something.
Something barely misses you. Something hits you.
* * * LOW HITPOINT WARNING * * *
Your orc skeleton barely misses something.
Things that are here:
a +0 flail; a +0 leather armour You completely miss something.
You hear some strange, mumbled words.
A magic dart appears from out of thin air!
The magic dart hits you.
* * * LOW HITPOINT WARNING * * *
Your orc skeleton hits something but does no damage.
You're too confused to cast spells.
Something hits you but does no damage.
You hear some strange, mumbled words.
A puff of flame appears from out of thin air!
The puff of flame misses you.
You feel less confused.
You hear some strange, mumbled words.
You are confused.
Something hits you.
You die...

#...### ##.#
###########.#.# ####..#
#...........#.# #....##
#.........)...# #.####
#.........#########.####.
#.........##......<......
#.).$.....##.........####
#......Z..##.........#
#...§.§{@.##.........#
#....§§§§.##.........#
#......§..############
###########


You could see a friendly orc skeleton.

Vanquished Creatures
  An adder (D:2)
  A worm (D:2)
  An orc (D:3)
  3 endoplasms
  2 giant cockroaches
  6 goblins
  5 hobgoblins
  5 kobolds
  2 quokkas (D:3)
  5 ball pythons
  6 bats
  6 rats
43 creatures vanquished.

Vanquished Creatures (collateral kills)
  A dart slug (D:3)
  2 orcs (D:3)
  A kobold (D:3)
  A rat (D:1)
5 creatures vanquished.

Vanquished Creatures (others)
  An adder (D:2)
1 creature vanquished.

Grand Total: 49 creatures vanquished

Notes
Turn   | Place    | Note
-------+----------+-------------------------------------------
     0 | D:1      | Woods the Mummy Necromancer began the quest for the Orb.
     0 | D:1      | Reached XP level 1. HP: 13/13 MP: 4/4
   199 | D:1      | Reached XP level 2. HP: 19/19 MP: 1/5
  1080 | D:2      | Gained mutation: You are in touch with the powers of death.
                  | [Mummy growth]
  1080 | D:2      | Reached XP level 3. HP: 21/24 MP: 0/7
  1873 | D:2      | Learned a level 3 spell: Vampiric Draining
  2027 | D:3      | Reached XP level 4. HP: 5/30 MP: 0/9
  2036 | D:3      | HP: 1/30 [something/magic dart (5)]
  2040 | D:3      | Slain by an orc wizard

Illustrated notes

Levels and vault maps discovered:
D:1:      heliophobic_arrival_enchanted_forest, layout_loops_ring,
          serial_forest, infiniplex_forest_corner_1, infiniplex_forest_zigzag_1,
          infiniplex_forest_lined_2, infiniplex_forest_clump_curved,
          infiniplex_forest_3_way, infiniplex_forest_fountain,
          palyth_stone_intersect
D:2:      layout_rooms, lemuel_flame_loot_1
D:3:      layout_rooms, uniq_crazy_yiuf_cottage

Skill      XL: |  1  2  3 |
---------------+----------+-----
Spellcasting   | 3 |  3.6
Stealth        | 2 |  2.0
Dodging        | 2 |  2.0
Necromancy     | |  4.7

Action                     |  1- 3 |  4- 6 || total
---------------------------+-------+-------++-------
  Melee: Unarmed           |    28 |     7 ||    35
   Cast: Necrotise         |    80 |       ||    80
    Use: Scroll            |     5 |       ||     5
   Stab: Distracted        |     1 |       ||     1
 Armour: Robe              |    35 |     4 ||    39
  Dodge: Dodged            |    66 |     3 ||    69
